Map: Cactus Valley LE (Void)

Players

Railgan - Winner!

  • Race: Zerg Zerg
  • League: Grandmaster
  • Spawn Location: 5:00

AureS

  • Race: Terran Terran
  • League: Master
  • Spawn Location: 7:00

VOD

Have the link to the VOD?

Description

Time

  • Played on: March 15, 2017, 4:52 p.m.
  • Length: 14:40
Show
View Real Time Build Order
Export as new Build Order

Railgan Zerg - Winner!

Build Orders: Pool First, Lurkers 

Get SALT Encoding   

  12  0:01  Drone  
  13  0:13  Overlord  
  13  0:22  Drone  
  14  0:31  Drone x2  
  16  0:39  Drone  
  17  0:47  Spawning Pool  
  16  0:50  Drone  
  17  0:58  Drone  
  18  1:14  Hatchery  
  18  1:16  Extractor  
  16  1:19  Drone  
  16  1:22  Drone  
  18  1:33  Queen  
  18  1:36  Zergling x2  
  18  1:39  Drone  
  22  1:49  Overlord  
  22  2:09  Drone, Queen  
  22  2:12  Drone  
  26  2:21  Metabolic Boost  
  26  2:23  Drone  
  26  2:27  Queen  
  26  2:28  Overlord  
  29  2:40  Drone x2  
  31  2:46  Drone x2  
  33  2:53  Drone x2  
  33  2:56  Drone  
  36  2:58  Drone  
  36  3:01  Evolution Chamber, Drone  
  37  3:11  Drone  
  38  3:16  Drone x2  
  38  3:17  Overlord  
  40  3:24  Zergling x4  
  40  3:25  Zergling x2  
  43  3:27  Zerg Ground Armor Level 1  
  43  3:30  Drone  
  44  3:36  Overlord  
  44  3:50  Drone x5  
  44  3:53  Drone x2  
  44  3:54  Overlord  
  44  3:55  Extractor  
  50  3:57  Extractor  
  50  3:58  Drone  
  50  3:59  Drone x2  
  52  4:03  Drone  
  52  4:27  Drone x4  
  52  4:29  Lair  
  53  4:31  Zergling x2  
  53  4:32  Zergling x10  
  59  4:40  Overlord  
  59  4:41  Extractor  
  59  4:44  Zergling x2  
  59  4:45  Queen  
  61  4:48  Hatchery  
  61  4:52  Zergling x2  
  61  4:53  Zergling x2  
  61  4:58  Overlord  
  61  4:59  Zergling x10  
  67  5:08  Zergling x2  
  67  5:09  Zergling x2  
  67  5:13  Zergling x2  
  70  5:20  Overlord  
  70  5:21  Queen  
  67  5:29  Queen  
  67  5:30  Hydralisk Den  
  67  5:33  Zerg Ground Armor Level 2  
  67  5:34  Drone  
  67  5:35  Evolution Chamber, Zergling x2  
  69  5:36  Zergling x4  
  69  5:38  Overlord  
  71  5:50  Zergling x4  
  73  6:01  Zerg Missile Weapons Level 1  
  73  6:02  Muscular Augments  
  73  6:04  Queen  
  73  6:08  Hydralisk x4  
  83  6:13  Hydralisk  
  85  6:21  Hydralisk  
  85  6:22  Hydralisk x2  
  91  6:28  Hydralisk  
  91  6:30  Hydralisk  
  95  6:36  Overlord  
  95  6:44  Hydralisk  
  95  6:46  Overlord  
  97  6:54  Hydralisk  
  97  6:59  Hydralisk x5  
  98  7:03  Hydralisk  
  98  7:05  Hydralisk  
  97  7:17  Hydralisk  
  97  7:18  Hydralisk x2  
  97  7:22  Drone  
  103  7:30  Drone x3  
  106  7:41  Hatchery  
  106  7:42  Overseer  
  105  7:45  Zergling x4  
  107  7:52  Overlord x2  
  95  8:14  Drone x7  
  101  8:24  Zerg Missile Weapons Level 2  
  101  8:25  Zerg Melee Weapons Level 1  
  101  8:26  Drone x4  
  105  8:33  Drone x3  
  108  8:43  Drone  
  108  8:44  Drone, Pneumatized Carapace  
  108  8:46  Overlord  
  104  9:17  Zergling x2  
  104  9:18  Zergling x4  
  104  9:19  Zergling x8  
  104  9:20  Zergling x8  
  104  9:21  Hydralisk Den  
  114  9:26  Extractor  
  114  9:27  Extractor  
  114  9:28  Zergling x2  
  114  9:30  Infestation Pit  
  112  9:35  Zergling x2  
  112  9:36  Zergling x2  
  112  9:38  Hatchery  
  113  9:41  Zergling x2  
  113  9:45  Drone x5  
  119  9:49  Drone  
  119  9:52  Drone  
  114  10:03  Hydralisk x2  
  114  10:04  Drone  
  114  10:05  Lurker Den  
  114  10:06  Hydralisk  
  114  10:07  Hydralisk x4  
  116  10:21  Hydralisk  
  116  10:24  Hive  
  116  10:26  Hydralisk x2  
  122  10:31  Zergling x2  
  122  10:32  Zergling x12  
  129  10:53  Zerg Melee Weapons Level 2  
  129  11:06  Overlord x3  
  129  11:07  Overlord x2  
  129  11:08  Overlord  
  129  11:15  Overlord  
  129  11:21  Overlord  
  129  11:35  Lurker x3  
  129  11:36  Lurker x4  
  129  11:37  Drone  
  129  11:38  Drone x4  
  129  11:39  Drone x2  
  143  11:46  Hydralisk  
  145  11:48  Hydralisk  
  145  11:52  Zerg Ground Armor Level 3  
  146  12:06  Hatchery  
  145  12:09  Hydralisk x4  
  145  12:10  Zergling x2  
  145  12:11  Zergling x8  
  145  12:12  Viper  
  145  12:13  Viper, Spire  
  145  12:15  Zergling x16  
  171  12:17  Lurker  
  172  12:30  Hydralisk x4  
  177  12:45  Hydralisk x4  
  185  12:52  Overlord  
  182  13:03  Hydralisk x3  
  182  13:04  Hydralisk x5  
  143  13:23  Hydralisk x4  
  146  13:28  Hydralisk  
  146  13:29  Hydralisk  
  142  13:37  Hydralisk x4  
  142  13:40  Zergling x4  
  142  13:50  Hydralisk x3  
Show
View Real Time Build Order
Export as new Build Order

AureS Terran 

Build Orders: Reaper Expand, MMM Bio 

Get SALT Encoding   

  12  0:00  SCV  
  13  0:13  SCV  
  14  0:17  Supply Depot  
  14  0:25  SCV  
  15  0:39  SCV  
  15  0:40  Barracks  
  16  0:44  Refinery  
  16  0:51  SCV  
  17  1:03  SCV  
  18  1:15  SCV  
  19  1:28  Orbital Command  
  19  1:30  Reaper  
  20  1:39  Command Center  
  20  1:51  Barracks  
  21  1:54  SCV  
  21  2:02  Barracks Reactor  
  21  2:06  SCV  
  22  2:11  Supply Depot  
  22  2:15  Refinery  
  22  2:18  SCV  
  23  2:31  Factory  
  23  2:32  SCV  
  24  2:38  Marine x2  
  24  2:39  Barracks Tech Lab  
  26  2:44  SCV  
  27  2:53  Orbital Command  
  27  2:56  Marine x2  
  30  2:58  SCV  
  30  3:06  Marine  
  30  3:07  Stimpack  
  30  3:12  SCV  
  32  3:21  Marine x2  
  32  3:22  SCV  
  32  3:24  Marine, SCV  
  37  3:29  Supply Depot  
  37  3:35  SCV  
  37  3:36  SCV  
  39  3:46  Marine x3  
  41  3:50  Bunker  
  41  3:51  Factory Reactor, Starport  
  41  3:55  SCV  
  42  3:57  SCV  
  43  4:04  Marine x3  
  43  4:09  SCV x2  
  48  4:10  Supply Depot  
  48  4:16  Bunker  
  48  4:21  Marine  
  48  4:22  Marine x2  
  49  4:34  SCV x2  
  51  4:39  Marine x3  
  54  4:49  Medivac x2  
  54  4:51  Engineering Bay  
  58  4:53  Engineering Bay  
  58  4:56  SCV x2  
  58  4:57  Marine x2  
  62  5:00  Supply Depot  
  62  5:07  Supply Depot  
  62  5:09  Supply Depot  
  62  5:22  Marine x3, SCV x2  
  62  5:24  Terran Infantry Armor Level 1, Terran Infantry Weapons Level 1  
  67  5:29  Combat Shields  
  67  5:37  SCV x2  
  67  5:39  Marine x3  
  67  5:40  Medivac, Supply Depot x2  
  67  5:41  Medivac  
  76  5:45  Refinery  
  76  5:53  SCV x2  
  78  5:57  Marine x3  
  81  6:15  Marine  
  82  6:20  Marine x2  
  82  6:21  SCV x2  
  86  6:26  Barracks  
  86  6:27  Barracks, Command Center  
  86  6:28  Barracks  
  86  6:33  Marine, Refinery, SCV x2  
  86  6:36  Medivac x2  
  86  6:38  Marine x2  
  95  6:48  SCV x2  
  95  6:51  Marine  
  98  6:56  Marine x2  
  92  7:08  Marine  
  82  7:18  Barracks Tech Lab x2  
  82  7:19  Barracks Reactor, Factory Tech Lab  
  82  7:20  Marine  
  82  7:21  Marine  
  74  7:27  Marauder, SCV x2  
  78  7:32  Supply Depot x2  
  78  7:38  Marine, Armory, Siege Tank  
  78  7:39  SCV x2  
  78  7:40  Marauder  
  78  7:41  Marine, Marauder  
  89  7:48  Marauder, Orbital Command  
  89  7:51  SCV x2  
  93  7:56  Marine  
  93  8:10  Marine x2, Marauder x3  
  90  8:24  Marine  
  88  8:30  Medivac x2  
  88  8:31  Marauder  
  88  8:32  Marauder x2  
  98  8:35  Engineering Bay x2  
  98  8:38  Supply Depot  
  98  8:42  Siege Tank  
  98  8:46  Marine x4  
  105  8:53  Marauder x3  
  93  9:10  Medivac x2  
  97  9:21  Marine x2, Marauder x3  
  97  9:22  Siege Tank  
  108  9:27  Terran Infantry Armor Level 2  
  108  9:28  Terran Infantry Weapons Level 2  
  108  9:31  Orbital Command  
  108  9:37  Marine x2  
  110  9:39  Marine x2  
  110  9:41  Refinery  
  110  9:42  Marauder  
  110  9:43  Marauder x2, SCV x2  
  110  9:44  Refinery  
  120  9:54  Siege Tank  
  115  10:05  SCV x3  
  115  10:07  Marine x2, Marauder x3  
  124  10:22  Concussive Shells  
  124  10:24  Terran Vehicle Weapons Level 1  
  127  10:35  Marauder x3  
  133  10:39  Marine x4, Supply Depot  
  133  10:40  Supply Depot  
  137  10:45  Unknown  
  137  10:47  Siege Tank  
  137  10:56  Marauder  
  137  10:57  Marine x4, Marauder x2  
  142  11:16  Marine x4  
  142  11:18  Marauder x3  
  152  11:20  Siege Tank  
  155  11:26  Supply Depot x2  
  155  11:27  Supply Depot  
  155  11:35  Marine x4  
  155  11:39  Marauder x2  
  165  11:40  Marauder  
  165  11:47  Medivac x2  
  169  11:59  Siege Tank  
  172  12:11  Marine x4, Marauder x3  
  172  12:14  Supply Depot x2  
  182  12:17  Supply Depot  
  179  12:40  Marine, Marauder x2  
  173  12:56  Missile Turret  
  108  13:26  Marine, Marauder x2, Medivac x2  
  67  13:47  Marauder  
Tags
 
Add a new tag
Caveats
  • Supply blocks, unpowered buildings, or Contaminate may cause inaccurate times.
  • Supply counts are checked every 10 seconds.